 Dungeon Crawl Stone Soup version 0.30-a0-313-gae38170b09 (webtiles) character file.

Game seed: 15179157294413595323

19 Devinter the Shooter (level 2, -7/23 HPs)
             Began as a Formicid Hunter on Oct 26, 2022.
             Mangled by Jessica
             ... wielding a +5 spectral club
              (11 damage)
             ... on level 2 of the Dungeon.
             The game lasted 00:05:58 (495 turns).

Devinter the Shooter (Formicid Hunter)               Turns: 495, Time: 00:05:59

Health: -7/23      AC:  6    Str: 15    XL:     2   Next: 95%
Magic:  2/2        EV: 10    Int:  8    God:
Gold:   41         SH:  0    Dex: 17    Spells: 1/1 levels left

rFire   . . .      SeeInvis +    a - +0 shortbow
rCold   . . .      Faith    .    (no shield)
rNeg    . . .      Spirit   .    e - +0 scale mail
rPois   .          Reflect  .    (helmet unavailable)
rElec   .          Harm     .    (no cloak)
rCorr   .          Rampage  .    (no gloves)
Will    .....                    (no boots)
Stlth   +.........               (no amulet)
HPRegen 0.23/turn                (no ring)
MPRegen 0.08/turn                (no ring)

@: flying
A: permanent stasis, dig shafts and tunnels, antennae 3, four strong arms
a: Dig, Shaft Self


You were on level 2 of the Dungeon.
You visited 1 branch of the dungeon, and saw 2 of its levels.

You collected 41 gold pieces.

Inventory:

Hand Weapons
 a - a +0 shortbow (weapon)
Armour
 c - a +0 leather armour
 e - a +0 scale mail (worn)
Jewellery
 g - a ring of fire
Scrolls
 b - a scroll of immolation
 d - 3 scrolls of identify {unknown}
 h - a scroll of fear {unknown}
Potions
 i - a potion of curing {unknown}


   Skills:
 + Level 2.5 Fighting
 * Level 4.3 Ranged Weapons
 - Level 2.0 Dodging
 + Level 1.8 Stealth


You had one spell level left.
You didn't know any spells.
Your spell library contained the following spells:

 Spells                   Type           Power      Damage    Failure   Level
 Chain Lightning          Conj/Air       0%         N/A       100%        9
 Fire Storm               Conj/Fire      0%         5d1       100%        9
 Shatter                  Erth           0%         3d5*      100%        9


Dungeon Overview and Level Annotations

Branches:
Dungeon (2/15)

Altars:

Annotations:
D:2 Jessica


Innate Abilities, Weirdness & Mutations

You cannot be hasted, slowed, berserked, paralysed or teleported.
You can dig through walls and to a lower floor.
You have a pair of large antennae on your head. (SInv)
Your four strong arms can wield two-handed weapons with a shield.


Message History

Jessica hits you but does no damage.
It was a potion of flight.
You feel very buoyant.
You fly up into the air.
Jessica completely misses you.
Fire: a) +0 shortbow
Press: ? - help, Q - select action, (/) - cycle Shift-Dir - straight line, f/p - Jessica
Aim: Jessica, wielding a +5 spectral club and wearing a +0 robe (fast, 63% to hit)
You shoot an arrow. The arrow barely misses Jessica.
The arrow closely misses the quokka.
Jessica hits you but does no damage.
Jessica mumbles some strange words.
Jessica blinks!
Fire: a) +0 shortbow
Press: ? - help, Q - select action, (/) - cycle Shift-Dir - straight line, f/p - Jessica
Aim: Jessica, wielding a +5 spectral club and wearing a +0 robe (fast, 63% to hit)
You shoot an arrow. The arrow closely misses the quokka.
The arrow hits Jessica but does no damage.
Jessica shouts, "Stop bothering me, or I'll kill you!"
The quokka misses you. The quokka barely misses you.
Fire: a) +0 shortbow
Press: ? - help, Q - select action, (/) - cycle Shift-Dir - straight line, f/p - Jessica
Aim: Jessica, wielding a +5 spectral club and wearing a +0 robe (fast, 63% to hit)
You shoot an arrow. The arrow hits the quokka.
You kill the quokka!
Jessica hits you but does no damage.
Fire: a) +0 shortbow
Press: ? - help, Q - select action, (/) - cycle Shift-Dir - straight line, f/p - Jessica
Aim: Jessica, wielding a +5 spectral club and wearing a +0 robe (fast, 63% to hit)
You shoot an arrow. The arrow barely misses Jessica.
Jessica hits you with a +5 spectral club.
* * * LOW HITPOINT WARNING * * *
Jessica casts a spell at you. You resist with some effort.
Fire: a) +0 shortbow
Press: ? - help, Q - select action, (/) - cycle Shift-Dir - straight line, f/p - Jessica
Aim: Jessica, wielding a +5 spectral club and wearing a +0 robe (fast, 63% to hit)
You shoot an arrow. The arrow hits Jessica.
Jessica is heavily wounded.
Jessica hits you with a +5 spectral club!
You die...

####### ##.....##
##.......## ##..#####..##
##..##?..##..#
##...#.....#..#
#...@@.....#..##
#.#..#.....#...#
#############.#..##...##...#
..............##..#####....#
.............####.......).##
.............#####.......##
[...<..............>#....#
.............######.#.####
................ ..#.#


You could see Jessica (fast).

Vanquished Creatures
  2 endoplasms (D:1)
  2 giant cockroaches (D:1)
  3 goblins
  A hobgoblin (D:1)
  2 quokkas
  A ball python (D:1)
  A frilled lizard (D:1)
  5 kobolds (D:1)
  A rat (D:1)
18 creatures vanquished.

Notes
Turn   | Place    | Note
-------+----------+-------------------------------------------
     0 | D:1      | Devinter the Formicid Hunter began the quest for the Orb.
     0 | D:1      | Reached XP level 1. HP: 16/16 MP: 1/1
   199 | D:1      | Reached XP level 2. HP: 23/23 MP: 2/2
   291 | D:1      | Reached skill level 2 in Dodging
   483 | D:2      | Noticed Jessica
   495 | D:2      | Mangled by Jessica

Illustrated notes

Levels and vault maps discovered:
D:1:      psy_arrival_dodecagon, layout_basic, chequers_serial_rivers_micro_c
D:2:      layout_rooms, shapermc_ecumenical_altar_mp_ritualfount,
          kennysheep_jessica_study, uniq_robin, uniq_jessica

Skill      XL: |  1  2 |
---------------+-------+-----
Dodging        | 2 |  2.0
Fighting       | |  2.5
Ranged Weapons | |  4.3
Stealth        | |  1.8

Action                   || total
-------------------------++-------
 Fire: Shortbow          ||    53
  Use: Potion            ||     1
Armor: Scale mail        ||    13
Dodge: Dodged            ||    17

Table legend: (Time is in decaauts)
 A = Elapsed time spent in this place.
 B = Non-inter-level travel time spent in this place.
 C = Inter-level travel time spent in this place.
 D = Time resting spent in this place.
 E = Time spent auto-exploring this place.
 F = Levels seen in this place.
 G = Mean time per level.
                   A        B        C        D        E       F      G
               +--------+--------+--------+--------+--------+-----+--------+
         Total |    521 |    474 |     47 |      0 |     53 |   2 |  260.5 |
       Dungeon |    521 |    474 |     47 |      0 |     53 |   2 |  260.5 |
               +--------+--------+--------+--------+--------+-----+--------+

Top non-repeatable levels by time:
     D:1: 463 daAuts
     D:2: 58 daAuts
